 Dungeon Sprint DCSS version 0.30-a0-141-g30f27751c5 (webtiles) character file.

Game seed: 10856783725802240355

2795 mhtbhm the Earth Mage (level 9, 0/49 HPs)
             Began as a Gargoyle Earth Elementalist on Sept 25, 2022.
             Was an Elder of Vehumet.
             Slain by an orc warrior
             ... wielding a +0 trident
              (6 damage)
             ... in the Dungeon (Sprint III: "The Ten Rune Challenge").
             The game lasted 00:05:52 (1797 turns).

mhtbhm the Earth Mage (Gargoyle Earth Elementalist) Turns: 1797, Time: 00:05:52

Health: 0/49       AC:  8    Str: 12    XL:     9   Next: 71%
Magic:  12/26      EV: 13    Int: 20    God:    Vehumet [****..]
Gold:   17         SH:  0    Dex: 10    Spells: 16/34 levels left

rFire   . . .      SeeInvis .      - Unarmed
rCold   . . .      Faith    .    (no shield)
rNeg    + . .      Spirit   .    a - +0 robe
rPois   ∞          Reflect  .    (no helmet)
rElec   +          Harm     .    (no cloak)
rCorr   .          Rampage  .    (no gloves)
Will    .....      NoTele   +    (no boots)
Stlth   +++.......               (no amulet)
HPRegen 0.16/turn                (no ring)
MPRegen 0.20/turn                (no ring)

@: no status effects
A: sickness immunity, AC +6, negative energy resistance 1, electricity
resistance, torment resistance 1, petrification resistance
a: Renounce Religion


You were in the Dungeon.
You worshipped Vehumet.
Vehumet was greatly pleased with you.
You visited 1 branch You collected 17 gold pieces.

Inventory:

Armour
 a - a +0 robe (worn)
Wands
 d - a wand of paralysis (8)
Scrolls
 f - 2 scrolls of poison {unknown}
 g - a scroll of blinking
 h - 4 scrolls of identify
Potions
 b - 3 potions of magic
 e - a potion of haste
 i - 2 potions of flight
 j - a potion of resistance {unknown}
 k - 6 potions of mutation
 l - a potion of might
Miscellaneous
 m - a phial of floods (inert)


   Skills:
 + Level 2.8 Fighting
 + Level 5.2 Dodging
 + Level 6.0 Stealth
 + Level 2.0 Unarmed Combat
 + Level 13.1 Spellcasting
 + Level 5.7 Conjurations
 + Level 1.1 Transmutations
 + Level 1.8 Air Magic
 + Level 15.7 Earth Magic
 + Level 2.5 Poison Magic


You had 16 spell levels left.
You knew the following spells:

 Your Spells              Type           Power      Damage    Failure   Level
a - Sandblast             Erth           100%       2d20      0%          1
b - Passwall              Tmut/Erth      39%        N/A       1%          2
c - Stone Arrow           Conj/Erth      100%       3d13      1%          3
d - Petrify               Tmut/Erth      47%        N/A       1%          4
e - Mephitic Cloud        Conj/Pois/Air  26%        N/A       1%          3
f - Scorch                Fire           26%        2d6       2%          2
g - Inner Flame           Hex/Fire       13%        N/A       4%          3

Your spell library contained the following spells:

 Spells                   Type           Power      Damage    Failure   Level
 Flame Wave               Conj/Fire      24%        2d8       4%          4
 Spider Form              Tmut/Pois      20%        N/A       7%          3
 Portal Projectile        Hex/Tloc       26%        N/A       16%         3
 Tukima's Dance           Hex            13%        N/A       16%         3
 Dispel Undead            Necr           13%        3d9       45%         4
 Blade Hands              Tmut           8%         N/A       65%         5
 Haunt                    Necr/Summ      6%         N/A       100%        7


Dungeon Overview and Level Annotations

Branches:
Dungeon (1/1)

Altars:
Cheibriados
Dithmenos
Elyvilon
Fedhas
Gozag
Hepliaklqana
Kikubaaqudgha
Makhleb
Nemelex Xobeh
Okawaru
Qazlal
Ru
Sif Muna
Trog
Uskayaw
Vehumet
Wu Jian
Xom
Yredelemnul
Zin
The Shining One
Jiyva
Lugonu


Innate Abilities, Weirdness & Mutations

You are immune to sickness and miasma.
Your stone body is resilient. (AC +6)
You are immune to poison.
You resist negative energy. (rN+)
You are resistant to electric shocks. (rElec)
You are resistant to unholy torment.
You are immune to petrification.


Message History

The orc wizard misses the orc priest.
Casting: Sandblast (safe; 0% risk of failure)
Confirm with . or Enter, or press ? or * to list all spells.
Aiming: Stone Arrow (safe; 1% risk of failure)
Press: ? - help, Shift-Dir - straight line, f/p - orc warrior
Aim: an orc warrior, wielding a +0 trident and wearing a +0 plate armour (heavily wounded, confused, 92% to hit)
The stone arrow hits the orc warrior!
The orc warrior is almost dead.
The orc priest casts a cantrip, but nothing happens.
The orc warrior hits you with a +0 trident!
* * * LOW HITPOINT WARNING * * *
The orc wizard shouts, "What's happening?!"
Unknown command.
Unknown command.
Unknown command.
Okay, then.
Okay, then.
The orc wizard closely misses something.
The orc wizard hits itself with a +0 dagger.
Casting: Stone Arrow (safe; 1% risk of failure)
Confirm with . or Enter, or press ? or * to list all spells.
Aiming: Sandblast (safe; 0% risk of failure)
Press: ? - help, Shift-Dir - straight line, f/p - orc warrior
Aim: an orc warrior, wielding a +0 trident and wearing a +0 plate armour (almost dead, confused, 95% to hit)
The blast of sand hits the orc warrior but does no damage.
The orc warrior is almost dead.
The orc warrior closely misses you.
The orc warrior wonders, "What am I doing in here?"
The orc warrior closely misses you.
Unknown command.
Casting: Sandblast (safe; 0% risk of failure)
Confirm with . or Enter, or press ? or * to list all spells.
Aiming: Sandblast (safe; 0% risk of failure)
Press: ? - help, Shift-Dir - straight line, f/p - orc warrior
Aim: an orc warrior, wielding a +0 trident and wearing a +0 plate armour (almost dead, confused, 95% to hit)
The blast of sand hits the orc warrior but does no damage.
The orc warrior is almost dead.
The orc wizard hits the orc warrior but does no damage.
The orc warrior hits you with a +0 trident.
You die...

##.############ ###$ $
#..#___#___#__###$$$#$$
#..#...#__)#._#.$......
#..###'#†###)##o.oo.o
#..#..........#ooo~
...'.⌠........#o)#
...#...######'#o#
...#.⌠.#__#...#o###############
...#...#__#...#.@~~~'.#.).).+.#
...#)###__#...#.#§§§#.#.#)..##{#
...#...#__#...')#§§§#.#.#...#
#.#
...#___#__'...#.#...#...#...# #.
▓▓▓▓▓▓▓▓▓▓▓▓▓▓▓▓▓▓▓▓▓▓▓▓▓▓▓▓# #


You could see 2 orc warriors, an orc priest, an orc wizard (confused) and an
orc.

Vanquished Creatures
  A centaur warrior (D)
  Erica (D)
  A deep elf pyromancer (D)
  A shadow (D)
  A spatial vortex (D)
  An orc warrior (D)
  2 centaurs (D)
  An earth elemental (D)
  A necrophage (D)
  A water elemental (D)
  A scorpion (D)
  A jelly (D)
  An orc priest (D)
  Jessica (D)
  A wizard (D)
  A necromancer (D)
  3 humans (D)
  A kobold demonologist (D)
  2 orcs (D)
  2 endoplasms (D)
  A rat (D)
26 creatures vanquished.

Notes
Turn   | Place    | Note
-------+----------+-------------------------------------------
     0 | D        | mhtbhm the Gargoyle Earth Elementalist began the quest for
                  | the Orb.
     0 | D        | Reached XP level 1. HP: 10/10 MP: 3/3
     8 | D        | Reached skill level 4 in Earth Magic
   189 | D        | Noticed Jessica
   192 | D        | Killed Jessica
   193 | D        | Reached skill level 6 in Earth Magic
   193 | D        | Reached XP level 2. HP: 15/15 MP: 1/6
   193 | D        | Reached XP level 3. HP: 19/19 MP: 1/7
   254 | D        | Noticed a scorpion
   272 | D        | Killed a scorpion
   273 | D        | Reached skill level 1 in Transmutations
   273 | D        | Reached skill level 7 in Earth Magic
   273 | D        | Reached XP level 4. HP: 11/24 MP: 1/10
   467 | D        | Learned a level 2 spell: Passwall
   471 | D        | Learned a level 3 spell: Stone Arrow
   476 | D        | Learned a level 4 spell: Petrify
   483 | D        | Reached skill level 8 in Earth Magic
   521 | D        | Noticed a water elemental
   523 | D        | Killed a water elemental
   524 | D        | Reached skill level 5 in Spellcasting
   524 | D        | Reached skill level 9 in Earth Magic
   524 | D        | Reached XP level 5. HP: 28/28 MP: 7/13
   571 | D        | Found a radiant altar of Vehumet.
   571 | D        | Found a shimmering blue altar of Sif Muna.
   571 | D        | Found an ancient bone altar of Kikubaaqudgha.
   574 | D        | Noticed a hellwing
   576 | D        | Noticed a neqoxec
   579 | D        | Noticed a rust devil
   580 | D        | HP: 1/28 [neqoxec[a kobold demonologist] (12)]
   582 | D        | Reached skill level 1 in Unarmed Combat
   586 | D        | Got the Almanac of Morality
   592 | D        | Became a worshipper of Vehumet
   597 | D        | Learned a level 3 spell: Mephitic Cloud
   873 | D        | Found a glowing silver altar of Zin.
   873 | D        | Found a glowing golden altar of the Shining One.
   873 | D        | Found a white marble altar of Elyvilon.
   873 | D        | Noticed a deep elf pyromancer
   905 | D        | Killed a deep elf pyromancer
   906 | D        | Reached skill level 1 in Fighting
   906 | D        | Reached skill level 5 in Stealth
   906 | D        | Reached skill level 12 in Earth Magic
   906 | D        | Reached skill level 1 in Poison Magic
   906 | D        | Reached XP level 6. HP: 25/35 MP: 5/18
   906 | D        | Reached XP level 7. HP: 28/39 MP: 5/19
   992 | D        | Found a basalt altar of Yredelemnul.
   992 | D        | Found a shadowy altar of Dithmenos.
   992 | D        | Found a sacrificial altar of Ru.
   997 | D        | Reached * piety under Vehumet
   997 | D        | Offered knowledge of Freeze by Vehumet.
   998 | D        | Reached skill level 1 in Air Magic
  1077 | D        | Found a hide-covered altar of Uskayaw.
  1077 | D        | Found an iron altar of Okawaru.
  1077 | D        | Found a bloodstained altar of Trog.
  1077 | D        | Found an ornate altar of the Wu Jian Council.
  1077 | D        | Noticed a human
  1077 | D        | Noticed a human
  1079 | D        | Killed a human
  1080 | D        | Reached skill level 5 in Dodging
  1080 | D        | Reached XP level 8. HP: 44/44 MP: 15/21
  1083 | D        | Reached skill level 10 in Spellcasting
  1083 | D        | Reached skill level 13 in Earth Magic
  1178 | D        | Reached ** piety under Vehumet
  1178 | D        | Offered knowledge of Scorch by Vehumet.
  1202 | D        | Learned a level 2 spell: Scorch
  1215 | D        | Found a blossoming altar of Fedhas.
  1215 | D        | Found a stormy altar of Qazlal.
  1216 | D        | Found a snail-covered altar of Cheibriados.
  1216 | D        | Found a burning altar of Makhleb.
  1216 | D        | Found a hazy altar of Hepliaklqana.
  1216 | D        | Found a shimmering altar of Xom.
  1216 | D        | Found an opulent altar of Gozag.
  1216 | D        | Found a sparkling altar of Nemelex Xobeh.
  1216 | D        | Found a corrupted altar of Lugonu.
  1216 | D        | Found a viscous altar of Jiyva.
  1226 | D        | Noticed a shadow
  1233 | D        | Killed a shadow
  1287 | D        | Noticed Erica
  1298 | D        | Killed Erica
  1298 | D        | Offered knowledge of Inner Flame by Vehumet.
  1299 | D        | Reached skill level 14 in Earth Magic
  1299 | D        | Reached XP level 9. HP: 49/49 MP: 12/24
  1303 | D        | Learned a level 3 spell: Inner Flame
  1317 | D        | Reached *** piety under Vehumet
  1474 | D        | Noticed a centaur warrior
  1479 | D        | Killed a centaur warrior
  1479 | D        | Offered knowledge of Olgreb's Toxic Radiance by Vehumet.
  1480 | D        | Reached skill level 5 in Conjurations
  1480 | D        | Reached skill level 15 in Earth Magic
  1782 | D        | Noticed an orc sorcerer
  1788 | D        | Reached **** piety under Vehumet
  1792 | D        | Offered knowledge of Flame Wave by Vehumet.
  1797 | D        | Slain by an orc warrior

Illustrated notes

Levels and vault maps discovered:
D:        dungeon_sprint_mu [sprint_mu_entry_cave, sprint_mu_temple_rooms,
          sprint_mu_d1_horrors, sprint_mu_d2_genie, sprint_mu_d3_branching,
          sprint_mu_orc_legion, sprint_mu_elf_gauntlet, sprint_mu_hive_nellie,
          sprint_mu_lair_fedhas, sprint_mu_vaults_butterflies,
          sprint_mu_slime_circle, sprint_mu_swamp_cave, sprint_mu_snake_twists,
          sprint_mu_blade_basic, sprint_mu_crypt_lich, sprint_mu_tomb_spiral,
          sprint_mu_vestibule_basic, sprint_mu_gehenna_hellfire,
          sprint_mu_dis_giant, sprint_mu_tartarus_statrot,
          sprint_mu_cocytus_islands, sprint_mu_zot1]

Skill      XL: |  1  2  3  4  5  6  7  8  9 |
---------------+----------------------------+-----
Earth Magic    | 6 7 9 12 14 15 | 15.7
Dodging        | 2 3 4 5 |  5.2
Stealth        | 3 5 6 |  6.0
Spellcasting   | 3 4 5 9 11 13 | 13.1
Transmutations | 1 |  1.1
Unarmed Combat | 1 2 |  2.0
Fighting       | 1 2 |  2.8
Conjurations   | 2 4 5 |  5.7
Poison Magic   | 1 2 |  2.5
Air Magic      | 1 |  1.8

Action                   |  1- 3 |  4- 6 |  7- 9 || total
-------------------------+-------+-------+-------++-------
Melee: Unarmed           |     8 |       |       ||     8
 Cast: Sandblast         |    12 |     9 |    30 ||    51
       Stone Arrow       |       |     5 |    16 ||    21
       Mephitic Cloud    |       |     1 |     5 ||     6
Evoke: Phial of floods   |       |       |     1 ||     1
  Use: Potion            |     1 |     2 |     1 ||     4
Armor: Robe              |     6 |     2 |       ||     8
Dodge: Dodged            |    15 |     7 |    12 ||    34

Table legend: (Time is in decaauts)
 A = Elapsed time spent in this place.
 B = Non-inter-level travel time spent in this place.
 C = Inter-level travel time spent in this place.
 D = Time resting spent in this place.
 E = Time spent auto-exploring this place.
 F = Levels seen in this place.
 G = Mean time per level.
                   A        B        C        D        E       F      G
               +--------+--------+--------+--------+--------+-----+--------+
         Total |   1837 |   1837 |      0 |   1342 |     54 |   1 | 1837.0 |
       Dungeon |   1837 |   1837 |      0 |   1342 |     54 |   1 | 1837.0 |
               +--------+--------+--------+--------+--------+-----+--------+

Top non-repeatable levels by time:
       D: 1837 daAuts
